 Dungeon Crawl Stone Soup version 0.27.0-1-g7a089689b8 (webtiles) character file.

Game seed: 16630887470734536063

70 dolemite99 the Poker (level 4, -1/33 HPs)
             Began as a Demonspawn Gladiator on Aug 4, 2021.
             Slain by an iguana (8 damage)
             ... on level 4 of the Dungeon.
             The game lasted 00:01:30 (1323 turns).

dolemite99 the Poker (Demonspawn Gladiator)         Turns: 1323, Time: 00:01:30

Health: -1/33      AC:  6    Str: 16    XL:     4   Next: 3%
Magic:  4/4        EV: 11    Int: 11    God:
Gold:   19         SH:  0    Dex: 14    Spells: 3/3 levels left

rFire    . . .     SeeInvis .   a - +0 trident
rCold    . . .     Faith    .   (no shield)
rNeg     . . .     Spirit   .   o - +0 ring mail
rPois    .         Reflect  .   c - +0 helmet
rElec    .         Harm     .   (no cloak)
rCorr    .         Rampage  .   (no gloves)
Will     .....                  (no boots)
Stlth    +.........             (no amulet)
HPRegen  0.11/turn              (no ring)
MPRegen  0.09/turn              (no ring)

@: no status effects
A: ignite blood 1, big brain 1
a: no special abilities


You were on level 4 of the Dungeon.
You visited 1 branch of the dungeon, and saw 3 of its levels.

You collected 19 gold pieces.

Inventory:

Hand Weapons
 a - a +0 trident (weapon)
Missiles
 d - 3 throwing nets
 e - 26 stones
 h - 12 poisoned darts
 k - 6 javelins (quivered)
 l - 22 bolts
 n - 7 sling bullets
Armour
 b - a +0 leather armour
 c - a +0 helmet (worn)
 o - a +0 ring mail (worn)
Jewellery
 i - a ring of poison resistance
Scrolls
 f - a scroll of blinking {unknown}
 m - a scroll of fear {unknown}
 p - 3 scrolls of teleportation {unknown}
Potions
 g - a potion of resistance {unknown}
 j - a potion of lignification {unknown}


   Skills:
 - Level 2.0 Fighting
 + Level 4.5 Polearms
 - Level 1.7 Throwing
 - Level 2.6 Dodging


You had 3 spell levels left.
You didn't know any spells.
Your spell library contained the following spells:

 Spells                   Type           Power      Damage    Failure   Level
 Ice Form                 Ice/Tmut       0%         N/A       100%        4
 Sticky Flame             Conj/Fire      0%         2d3       100%        4
 Simulacrum               Ice/Necr       0%         N/A       100%        6
 Starburst                Conj/Fire      0%         8x6d3     100%        6


Dungeon Overview and Level Annotations

Branches:
Dungeon (2/15)

Altars:
Wu Jian

Shops:
D:1 !


Innate Abilities, Weirdness & Mutations

Your demonic aura sometimes causes spilled blood to erupt in flames.
You have an unusually large brain. (Int +2)


Message History

You are too injured to fight recklessly!
You are too injured to fight recklessly!
You are too injured to fight recklessly!
You are too injured to fight recklessly!
You are too injured to fight recklessly!
You are too injured to fight recklessly!
You are too injured to fight recklessly!
You are too injured to fight recklessly!
You are too injured to fight recklessly!
You are too injured to fight recklessly!
You are too injured to fight recklessly!
You are too injured to fight recklessly!
You are too injured to fight recklessly!
You are too injured to fight recklessly!
You are too injured to fight recklessly!
You are too injured to fight recklessly!
You are too injured to fight recklessly!
You hit the iguana.
The iguana is moderately wounded.
The iguana bites you.
You hit the iguana but do no damage.
The iguana is moderately wounded.
The iguana bites you but does no damage.
You closely miss the iguana.
The iguana is moderately wounded.
The iguana barely misses you.
You hit the iguana.
The iguana is severely wounded.
The iguana barely misses you.
You hit the iguana but do no damage.
The iguana is severely wounded.
The iguana bites you.
You closely miss the iguana.
The iguana is severely wounded.
The iguana bites you.
* * * LOW HITPOINT WARNING * * *
You hit the iguana but do no damage.
The iguana is severely wounded.
The iguana bites you!
You die...

#)##### #.# # #.# .# ##
#.# ..# .. #.# .... ..
##.## ....# #.
####...##.....#
###..####............?.
#......l@.##########...
#.#..###### .... ##.# #


You could see an iguana.

Vanquished Creatures
  A hound (D:4)
  A hound skeleton (D:4)
  A dart slug (D:2)
  An orc (D:4)
  2 bats (D:1)
  3 endoplasms (D:1)
  A goblin (D:1)
  A hobgoblin (D:1)
  3 jackals (D:4)
  2 quokkas (D:1)
  2 ball pythons (D:1)
  A frilled lizard (D:1)
  A rat (D:1)
20 creatures vanquished.

Notes
Turn   | Place    | Note
-------+----------+-------------------------------------------
     0 | D:1      | dolemite99 the Demonspawn Gladiator began the quest for the
                  | Orb.
     0 | D:1      | Reached XP level 1. HP: 16/16 MP: 1/1
   208 | D:1      | Reached skill level 3 in Polearms
   405 | D:1      | Found Bargh's Distillery.
   470 | D:1      | Found a faded altar of an unknown god.
   482 | D:1      | Gained mutation: Your demonic aura sometimes causes spilled
                  | blood to erupt in flames. [demonic ancestry]
   482 | D:1      | Reached XP level 2. HP: 22/22 MP: 2/2
   493 | D:1      | Got the Grimoire of the Blaze and the Frostbite
   950 | D:2      | You fall into a shaft and drop 2 floors!
   962 | D:4      | Found an ornate altar of the Wu Jian Council.
  1008 | D:4      | Reached skill level 4 in Polearms
  1008 | D:4      | Gained mutation: You have an unusually large brain. (Int
                  | +2) [demonic ancestry]
  1008 | D:4      | Reached XP level 3. HP: 11/27 MP: 3/3
  1307 | D:4      | Reached XP level 4. HP: 29/33 MP: 4/4
  1323 | D:4      | Slain by an iguana

Illustrated notes

Levels and vault maps discovered:
D:1:      lemuel_arrival_cross, layout_loops_cross,
          shapermc_ecumenical_altar_mp_highgroup, serial_shops, shop,
          minivault_19, minivault_4
D:2:      minmay_razor_zed, layout_loops_ring
D:4:      layout_loops_corners, tgw_trog, mainiacjoe_overflow_small_starburst,
          mainiacjoe_overflow_24_doors

Skill      XL: |  1  2 |
---------------+-------+-----
Polearms       | 3 4 |  4.5
Fighting       | |  2.0
Throwing       | |  1.7
Dodging        | |  2.6

Action                   |  1- 3 |  4- 6 || total
-------------------------+-------+-------++-------
Melee: Trident           |    69 |    17 ||    86
Throw: Javelin           |     9 |       ||     9
 Stab: Sleeping          |     1 |       ||     1
Armor: Leather armour    |     4 |       ||     4
       Ring mail         |    15 |     7 ||    22
Dodge: Dodged            |    37 |     6 ||    43
